AoeStats
← Sunscream

Arabia

510096181Analyzed
1v1 RM · 2d ago on Sep 29, 2026· 39m 19s· 2 players
Game mode
Random Map
Map size
Tiny (2 player)
Population
200
Speed
Normal
Resources
Standard
Victory
Conquest
Starting age
Dark Age
Ending age
Imperial Age
RankedLock teamsTeams togetherTeam positionsShared explorationLock speedFull tech treeHidden civsTurbo modeCheats
Victory
Defeat
🇺🇸 Huns · United States
898
+17
🇬🇷 Poles · Greece
922
-17
John Microsoft
6:07 Loom
10:02 Feudal Age
15:23 Bloodlines
15:35 Forging
17:53 Scale Barding Armor
17:50 Double-Bit Axe
18:19 Horse Collar
23:59 Castle Age
26:41 Wheelbarrow
27:35 Chain Barding Armor
27:50 Iron Casting
27:58 Hand Cart
28:50 Heavy Plow
29:14 Bow Saw
32:20 Husbandry
32:22 Light Cavalry
36:52 Imperial Age
37:20 Cavalier
39:07 Blast Furnace
38:43 Plate Barding Armor
38:00 Fletching
38:10 Padded Archer Armor
38:26 Masonry
38:45 Ballistics
39:33 Chemistry
39:13 Hussar
Sunscream
8:06 Loom
10:40 Feudal Age
11:34 Double-Bit Axe
17:19 Fletching
27:42 Castle Age
26:01 Scale Mail Armor
25:58 Horse Collar
29:46 Bow Saw
31:48 Wheelbarrow
35:17 Bloodlines
35:08 Husbandry
41:16 Imperial Age
Connection lost

Rejoining the realm…

Still unreachable

The connection could not be restored.

Session expired

The server has moved on; the page needs a fresh start.